 Dungeon Crawl Stone Soup version 0.30-a0-879-ga8ba668304 (webtiles) character file.

Game seed: 11419273486790421214

98 porpoise the Shooter (level 4, -1/27 HPs)
             Began as a Tengu Hunter on Mar 14, 2023.
             Slain by Natasha (6 damage)
             ... on level 3 of the Dungeon.
             The game lasted 00:07:40 (2069 turns).

porpoise the Shooter (Tengu Hunter)                 Turns: 2069, Time: 00:07:40

Health: -1/27      AC:  4    Str: 11    XL:     4   Next: 71%
Magic:  5/5        EV: 12    Int: 10    God:
Gold:   238        SH:  5    Dex: 19    Spells: 3/3 levels left

rFire   . . .      SeeInvis .    a - +0 shortbow
rCold   + . .      Faith    .    (shield currently unavailable)
rNeg    . . .      Spirit   .    c - +0 leather armour
rPois   .          Reflect  +    (helmet restricted)
rElec   .          Rampage  .    (no cloak)
rCorr   .                        f - +0 pair of gloves
Will    .....                    (boots unavailable)
Stlth   ++                       d - amulet of reflection
HPRegen 0.24/turn                j - ring of protection from cold
MPRegen 0.09/turn                (no ring)

@: no status effects
A: beak, talons 3
a: no special abilities


You were on level 3 of the Dungeon.
You visited 1 branch of the dungeon, and saw 3 of its levels.

You collected 238 gold pieces.

Inventory:

Hand Weapons
 a - a +0 shortbow (weapon)
 b - a +0 short sword
 t - a +0 long sword
Missiles
 s - 4 poisoned darts
 w - 3 curare-tipped darts
Armour
 c - a +0 leather armour (worn)
 f - a +0 pair of gloves (worn)
 l - a +0 buckler
Jewellery
 d - an amulet of reflection (around neck)
 j - a ring of protection from cold (left hand)
 r - a ring of willpower
Scrolls
 e - 2 scrolls of amnesia {unknown}
 h - a scroll of enchant armour {unknown}
 k - 3 scrolls of immolation
 m - a scroll of torment {unknown}
 n - 2 scrolls of identify {unknown}
 o - a scroll of enchant weapon {unknown}
Potions
 g - a potion of flight {unknown}
 i - a potion of magic {unknown}
 p - a potion of haste {unknown}
 q - a potion of brilliance {unknown}
 u - a potion of heal wounds {unknown}
 v - 4 potions of lignification {unknown}


   Skills:
 + Level 2.8 Fighting
 * Level 5.6 Ranged Weapons
 - Level 2.1 Dodging
 + Level 2.3 Stealth


You had 3 spell levels left.
You didn't know any spells.
Your spell library was empty.

Dungeon Overview and Level Annotations

Branches:
Dungeon (3/15)

Altars:
Ashenzari
Nemelex Xobeh
Sif Muna

Shops:
D:3 [

Annotations:
D:3 Natasha


Innate Abilities, Weirdness & Mutations

You have a beak for a mouth.
You have claws for feet.


Message History

You shoot an arrow.
Natasha hisses angrily.
The arrow hits Natasha.
Natasha is heavily wounded.
No target in view!
No target in view!
Natasha stares at you and mumbles some strange words.
The magic dart hits you.
You shoot an arrow.
The arrow hits Natasha but does no damage.
Natasha is heavily wounded.
Natasha stares at you and mumbles some strange words.
The magic dart hits you!
You shoot an arrow.
The arrow hits Natasha but does no damage.
Natasha is heavily wounded.
You shoot an arrow. The arrow barely misses Natasha.
Natasha mumbles some strange words.
You shoot an arrow. The arrow misses Natasha.
You shoot an arrow. The arrow closely misses Natasha.
The arrow hits the iron imp.
The iron imp is moderately wounded.
Natasha misses you.
You shoot an arrow. The arrow barely misses Natasha.
The arrow barely misses the iron imp.
Natasha claws you.
You are too injured to fight recklessly!
You are too injured to fight recklessly!
You are too injured to fight recklessly!
You are too injured to fight recklessly!
Fire: a) +0 shortbow
Press: ? - help, Q - select action, (/) - cycle Shift-Dir - straight line, f/p - Natasha
Aim: Natasha (heavily wounded, 58% to hit)
You shoot an arrow.
The arrow hits Natasha but does no damage.
Natasha is heavily wounded.
Natasha stares at you and mumbles some strange words.
The magic dart hits you!
* * * LOW HITPOINT WARNING * * *
Natasha claws you.
You die...

#..##.##..##########...
###.....##.########......
###.<..##....##.......##...
##...###....<....###########
######..####†...#######
....##........###
....##..#####.# .
..............######....
....##.#####....@h5.....
######.# #...#######....
#..# #.### . #.####.#
#.#....# ###...#### #....##
#....# ######


You could see an iron imp (summoned) and Natasha.

Vanquished Creatures
  Natasha (D:3)
  An adder (D:2)
  3 worms (D:2)
  6 ball pythons
  5 endoplasms
  4 giant cockroaches
  6 goblins
  6 hobgoblins
  2 jackals (D:3)
  3 quokkas
  3 bats
  5 frilled lizards
  3 kobolds
  5 rats
53 creatures vanquished.

Notes
Turn   | Place    | Note
-------+----------+-------------------------------------------
     0 | D:1      | porpoise the Tengu Hunter began the quest for the Orb.
     0 | D:1      | Reached XP level 1. HP: 12/12 MP: 2/2
   138 | D:1      | Reached XP level 2. HP: 17/17 MP: 3/3
   705 | D:1      | Reached XP level 3. HP: 22/22 MP: 4/4
   863 | D:2      | Reached skill level 5 in Ranged Weapons
  1343 | D:2      | Reached XP level 4. HP: 27/27 MP: 5/5
  1365 | D:2      | Found a broken altar of Ashenzari.
  1493 | D:3      | Noticed Natasha
  1507 | D:3      | Killed Natasha
  1637 | D:3      | Found a sparkling altar of Nemelex Xobeh.
  1678 | D:3      | Found Nunugra's Antique Armour Emporium.
  1830 | D:3      | Found a shimmering blue altar of Sif Muna.
  1913 | D:3      | Found a faded altar of an unknown god.
  1961 | D:3      | Noticed Natasha
  2069 | D:3      | Slain by Natasha

Illustrated notes

Levels and vault maps discovered:
D:1:      minmay_arrival_doors, layout_basic, grunt_decor_fettered
D:2:      layout_loops_ring, basic_altar
D:3:      layout_rooms, lemuel_coloured_pillars_altar,
          mainiacjoe_overflow_24_doors, serial_shops, shop, serial_curves,
          eino_curves_04, eino_curves_03, ebering_ecumenical_altar_box,
          uniq_natasha

Skill      XL: |  1  2  3 |
---------------+----------+-----
Ranged Weapons | 5 |  5.6
Stealth        | 2 |  2.3
Fighting       | |  2.8
Dodging        | |  2.1

Action                     |  1- 3 |  4- 6 || total
---------------------------+-------+-------++-------
   Fire: Shortbow          |   106 |    52 ||   158
 Armour: Leather armour    |    10 |     8 ||    18
  Dodge: Dodged            |    18 |     8 ||    26
  Block: Other             |     4 |     3 ||     7

Table legend: (Time is in decaauts)
 A = Elapsed time spent in this place.
 B = Non-inter-level travel time spent in this place.
 C = Inter-level travel time spent in this place.
 D = Time resting spent in this place.
 E = Time spent auto-exploring this place.
 F = Levels seen in this place.
 G = Mean time per level.
                   A        B        C        D        E       F      G
               +--------+--------+--------+--------+--------+-----+--------+
         Total |   2113 |   2080 |     33 |     54 |   1662 |   3 |  704.3 |
       Dungeon |   2113 |   2080 |     33 |     54 |   1662 |   3 |  704.3 |
               +--------+--------+--------+--------+--------+-----+--------+

Top non-repeatable levels by time:
     D:1: 855 daAuts
     D:2: 660 daAuts
     D:3: 597 daAuts
